 Dungeon Crawl Stone Soup version 0.30.1-3-gfc49f6343a (webtiles) character file.

Game seed: 9061398984925059078

583 Pepete the Chopper (level 7, -2/64 HPs)
             Began as a Minotaur Berserker on July 23, 2023.
             Was a Believer of Trog.
             Slain by Dowan
             ... wielding a +0 dagger
              (4 damage)
             ... on level 4 of the Dungeon.
             The game lasted 00:03:33 (3692 turns).

Pepete the Chopper (Minotaur Berserker)             Turns: 3692, Time: 00:03:33

Health: -2/64      AC: 19    Str: 23    XL:     7   Next: 14%
Magic:  6/6        EV:  9    Int:  4    God:    Trog [**....]
Gold:   116        SH:  0    Dex: 10    Spells: 6/6 levels left

rFire   . . .        a - +0 hand axe
rCold   . . .        (no shield)
rNeg    . . .        b - +0 chain mail
rPois   .            (helmet restricted)
rElec   .            (no cloak)
rCorr   .            (no gloves)
SInv    .            k - +0 pair of boots
Will    ++...        (no amulet) Stlth
                     r - +4 ring of protection
HPRegen 1.30/turn    s - +4 ring of protection
MPRegen 0.10/turn

%: no passive effects
@: strong-willed (expiring), on berserk cooldown, regenerating (expiring),
slowed, very slow
A: horns 2, retaliatory headbutt
a: Renounce Religion, Berserk, Trog's Hand


You were on level 4 of the Dungeon.
You worshipped Trog.
Trog was pleased with you.
You visited 1 branch of the dungeon, and saw 4 of its levels.

You collected 116 gold pieces.

Inventory:

Hand Weapons
 a - a +0 hand axe (weapon)
Armour
 b - a +0 chain mail (worn)
 k - a +0 pair of boots (worn)
Jewellery
 r - a +4 ring of protection (left hand)
 s - a +4 ring of protection (right hand)
Wands
 o - a wand of roots (6)
Scrolls
 c - a scroll of magic mapping
 g - 2 scrolls of teleportation
 h - 2 scrolls of vulnerability
 j - 2 scrolls of silence
 m - a scroll of acquirement {unknown}
 p - a scroll of enchant weapon {unknown}
 u - a scroll of identify
Potions
 d - a potion of haste
 e - 2 potions of degeneration {unknown}
 f - 2 potions of brilliance
 i - 2 potions of heal wounds
 l - a potion of flight {unknown}
 n - a potion of invisibility {unknown}
 q - a potion of curing {unknown}
 t - a potion of might {unknown}


   Skills:
 + Level 6.4 Fighting
 + Level 6.4 Axes
 + Level 5.8 Armour
 - Level 2.1 Dodging


You had 6 spell levels left.
You didn't know any spells.
Your spell library was empty.

Dungeon Overview and Level Annotations

Branches:
Dungeon (4/15)
 Temple: D:4-7

Altars:
Nemelex Xobeh

Annotations:
D:4 Dowan


Innate Abilities, Weirdness & Mutations

You have a pair of horns on your head.
You reflexively headbutt those who attack you in melee.


Message History

You hit Duvessa. You punch Duvessa, but do no damage.
Duvessa is almost dead.
The gnoll completely misses you. Duvessa hits you with a +0 short sword!
You slash Duvessa!
You kill Duvessa!
Trog accepts your kill.
Dowan's eyes darken. "You have made a black mistake."
Dowan seems to find hidden reserves of power!
You closely miss Dowan.
Dowan gestures wildly while chanting.
Dowan blinks!
The gnoll hits you but does no damage.
You have reached level 7!
Items here: )) [ †.
You feel a strong urge to attack something.
Dowan casts a spell.
Dowan blinks!
The gnoll hits you from afar with a +0 spear.
You are no longer berserk.
You are exhausted.
You feel yourself slow down.
You hit Dowan. Your headbutt misses Dowan.
Dowan is moderately wounded.
Dowan hits you with a +0 dagger. Dowan casts a spell at you.
The shard of ice hits you! The gnoll barely misses you.
You closely miss Dowan.
Dowan is moderately wounded.
Dowan zaps a wand.
You resist with almost no effort.
The gnoll hits you from afar with a +0 spear.
Dowan hits you but does no damage.
You closely miss Dowan. You headbutt Dowan!
Dowan is severely wounded.
You feel the effects of Trog's Hand fading.
Dowan casts a spell at you. The shard of ice hits you!!
* * * LOW HITPOINT WARNING * * *
The gnoll hits you from afar with a +0 spear.
* * * LOW HITPOINT WARNING * * *
Dowan hits you with a +0 dagger.
You die...

#.......# #.......#
........ .......#
###...# .# #.....#
.# #.##.#g.###.#
#..e@.).)...###.
#.....#.#..........
##### #.###...####
###### #.#.####)##
.....### #........#
## ####...#
###......# #.
#.#.###### ####...#
#. #.#......# #...#
#. #.#.####.# #...#
#.


You could see Dowan (fast, empowered) and a gnoll.

Vanquished Creatures
  Duvessa (D:4)
  An ogre (D:4)
  2 scorpions (D:4)
  An orc priest (D:3)
  A jelly (D:4)
  An iguana (D:4)
  Jessica (D:3)
  An orc wizard (D:3)
  3 gnolls (D:4)
  3 adders
  An ufetubus (D:4)
  2 worms (D:2)
  A dart slug (D:1)
  9 orcs (D:3)
  5 ball pythons
  5 endoplasms
  2 giant cockroaches (D:1)
  3 goblins
  7 hobgoblins
  4 jackals (D:2)
  5 kobolds
  3 quokkas
  4 bats
  5 frilled lizards
  5 rats
76 creatures vanquished.

Notes
Turn   | Place    | Note
-------+----------+-------------------------------------------
     0 | D:1      | Pepete the Minotaur Berserker began the quest for the Orb.
     0 | D:1      | Reached XP level 1. HP: 19/19 MP: 0/0
   216 | D:1      | Reached XP level 2. HP: 27/27 MP: 1/1
   994 | D:1      | Noticed a golden eye
   996 | D:1      | Found a faded altar of an unknown god.
   997 | D:1      | Noticed a floating eye
   997 | D:1      | Noticed an eye of devastation
   997 | D:1      | Noticed a shining eye
  1470 | D:2      | Reached XP level 3. HP: 33/33 MP: 2/2
  1541 | D:2      | Reached ** piety under Trog
  2106 | D:2      | Reached XP level 4. HP: 41/41 MP: 3/3
  2136 | D:3      | Noticed Jessica
  2142 | D:3      | Killed Jessica
  2460 | D:3      | Reached skill level 5 in Axes
  2460 | D:3      | Reached XP level 5. HP: 21/47 MP: 4/4
  2462 | D:3      | Reached skill level 5 in Fighting
  2912 | D:3      | Found a sparkling altar of Nemelex Xobeh.
  3138 | D:4      | Noticed an ogre
  3148 | D:4      | Killed an ogre
  3184 | D:4      | Reached XP level 6. HP: 28/56 MP: 5/5
  3209 | D:4      | Reached skill level 5 in Armour
  3669 | D:4      | Noticed Dowan
  3670 | D:4      | Noticed Duvessa
  3686 | D:4      | Killed Duvessa
  3687 | D:4      | Reached XP level 7. HP: 54/64 MP: 6/6
  3692 | D:4      | HP: 3/64 [Dowan/shard of ice (19)]
  3692 | D:4      | Slain by Dowan

Illustrated notes

Levels and vault maps discovered:
D:1:      dpeg_arrival_more_subterranean_lakeside_camping, layout_loops_corners,
          hellmonk_ecumenical_altar_watching_god
D:2:      layout_loops_cross
D:3:      layout_rooms, mainiacjoe_overflow_chevrons, uniq_jessica
D:4:      layout_loops_cross, uniq_duvessa

Skill      XL: |  1  2  3  4  5  6 |
---------------+-------------------+-----
Fighting       | 4 5 6 |  6.4
Axes           | 4 5 6 |  6.4
Armour         | 3 4 5 |  5.8
Dodging        | |  2.1

Action                     |  1- 3 |  4- 6 |  7- 9 || total
---------------------------+-------+-------+-------++-------
  Melee: Hand axe          |   108 |    87 |     3 ||   198
         Headbutt          |    11 |    13 |     1 ||    25
         Punch             |     3 |     2 |       ||     5
 Invoke: Berserk           |       |     4 |       ||     4
         Trog's Hand       |       |     1 |       ||     1
    Use: Scroll            |     1 |     5 |       ||     6
 Armour: Animal skin       |     3 |       |       ||     3
         Scale mail        |     2 |       |       ||     2
         Chain mail        |    19 |    73 |     1 ||    93
  Dodge: Dodged            |    53 |    52 |     1 ||   106
